 Dungeon Crawl Stone Soup version 0.30-a0-778-g2ef04afb54 (webtiles) character file.

Game seed: 3609933102913629096

24803 mistaj the Spear-Bearer (level 12, -2/102 HPs)
             Began as a Demonspawn Fighter on Feb 15, 2023.
             Was an Initiate of Gozag.
             Slain by a sun demon (4 damage)
             ... in a volcano.
             The game lasted 00:30:11 (13803 turns).

mistaj the Spear-Bearer (Demonspawn Fighter)       Turns: 13803, Time: 00:30:11

Health: -2/102     AC: 17    Str: 22    XL:     12   Next: 83%
Magic:  12/12      EV:  6    Int: 10    God:    Gozag
Gold:   2001       SH: 19    Dex: 12    Spells: 11/11 levels left

rFire   + + .      SeeInvis .    n - +7 demon trident (elec)
rCold   + + .      Faith    .    C - +0 kite shield
rNeg    . . .      Spirit   .    c - +1 plate armour {rF+}
rPois   +          Reflect  +    t - +2 hat
rElec   +          Harm     .    (no cloak)
rCorr   +          Rampage  .    (no gloves)
Will    .....                    r - +1 pair of boots Stlth
                                 u - amulet of reflection
HPRegen 0.37/turn                K - ring of protection from cold
MPRegen 0.13/turn                (no ring)

@: resistant
A: antennae 2, large bone plates 1, powered by death 1, spiny 2
a: Renounce Religion, Potion Petition, Call Merchant, Bribe Branch


You were in a volcano.
You worshipped Gozag.
Gozag was most pleased with you.
You visited 3 branches of the dungeon, and saw 15 of its levels.
You also visited: Bailey and Volcano.

You collected 2071 gold pieces.
You paid 70 gold pieces to Gozag.

Inventory:

Hand Weapons
 n - a +7 demon trident of electrocution (weapon)
 z - the +3 triple sword of the Ethereal God {drain, Fly rCorr}
   (You found it in a bailey)

   Fly:       It grants you flight.
   rCorr:     It protects you from acid and corrosion.
Armour
 c - a +1 plate armour of fire resistance (worn)
 r - a +1 pair of boots (worn)
 t - a +2 hat (worn)
 C - a +0 kite shield (worn)
 F - a +1 plate armour of cold resistance
Jewellery
 a - an amulet of guardian spirit
 u - an amulet of reflection (around neck)
 K - a ring of protection from cold (left hand)
Wands
 o - a wand of acid (4)
 q - a wand of polymorph (4)
 y - a wand of iceblast (21)
 D - a wand of digging (12)
 G - a wand of paralysis (10)
 J - a wand of flame (8)
Scrolls
 g - 3 scrolls of teleportation
 j - a scroll of amnesia
 k - a scroll of enchant armour
 s - 2 scrolls of immolation
 w - 4 scrolls of blinking
 A - 3 scrolls of identify
Potions
 b - 3 potions of curing
 d - a potion of might
 e - 3 potions of mutation {unknown}
 i - 3 potions of invisibility {unknown}
 l - 4 potions of ambrosia
 m - 3 potions of attraction
 p - 2 potions of haste
 v - 6 potions of heal wounds
 x - 3 potions of flight
 B - 3 potions of degeneration {unknown}
 E - 5 potions of lignification
 H - a potion of berserk rage {unknown}
 I - 2 potions of cancellation


   Skills:
 + Level 12.1 Fighting
 - Level 1.8(9.3) Axes
 - Level 1.1(1.6) Maces & Flails
 - Level 14.0(14.1) Polearms
 + Level 4.4 Armour
 + Level 3.3 Dodging
 - Level 8.5 Shields


You had 11 spell levels left.
You didn't know any spells.
Your spell library contained the following spells:

 Spells                   Type           Power      Damage    Failure   Level
 Beastly Appendage        Tmut           0%         N/A       100%        1
 Ensorcelled Hibernation  Hex/Ice        0%         N/A       100%        2
 Wereblood                Tmut           0%         N/A       100%        2
 Call Canine Familiar     Summ           0%         N/A       100%        3
 Portal Projectile        Hex/Tloc       0%         N/A       100%        3
 Spider Form              Tmut/Pois      0%         N/A       100%        3
 Anguish                  Hex/Necr       0%         N/A       100%        4
 Leda's Liquefaction      Hex/Erth       0%         N/A       100%        4


Dungeon Overview and Level Annotations

Branches:
Dungeon (12/15)            Temple (1/1) D:6            Lair (2/5) D:11
  Snake (0/4) Lair:2       Bailey (visited)         Volcano (1/1)
  Swamp: Lair:2-3    Shoals: Lair:2-3       Orc: D:9-12

Altars:
Ashenzari
Cheibriados
Dithmenos
Fedhas
Gozag
Hepliaklqana
Kikubaaqudgha
Nemelex Xobeh
Qazlal
Sif Muna
Uskayaw
Wu Jian

Shops:
D:1 !(   D:2 (   D:3 (   D:5 ?

Annotations:
D:3 1 runed translucent door, Crazy Yiuf
D:5 Prince Ribbit


Innate Abilities, Weirdness & Mutations

You have a pair of antennae on your head.
You are partially covered in large bone plates. (SH +4)
You regenerate a little health from kills.
You are mostly covered in sharp spines.


Message History

You closely miss the sun demon.
The sun demon is heavily wounded.
The sun demon closely misses you. The sun demon is struck by your spines.
The sun demon hits you.
You are engulfed in flames.
You resist.
You hit the sun demon.
The sun demon is heavily wounded.
You block the sun demon's attack.
The sun demon hits you but does no damage.
You closely miss the sun demon.
The sun demon is heavily wounded.
You block the sun demon's attack. The sun demon hits you!
You are engulfed in flames.
You resist.
You closely miss the sun demon.
The sun demon is heavily wounded.
The sun demon hits you.
You are engulfed in flames.
You resist. The sun demon hits you!!
* * * LOW HITPOINT WARNING * * *
You are engulfed in flames.
You resist.
* * * LOW HITPOINT WARNING * * *
You are too injured to fight recklessly!
You are too injured to fight recklessly!
You are too injured to fight recklessly!
You impale the sun demon!!
The sun demon is heavily wounded.
The sun demon hits you but does no damage.
You block the sun demon's attack.
You barely miss the sun demon.
The sun demon is heavily wounded.
You hit the sun demon but do no damage.
The sun demon is heavily wounded.
You block the sun demon's attack.
The sun demon hits you but does no damage.
You puncture the sun demon!
The sun demon is severely wounded.
You block the sun demon's attack. The sun demon is struck by your spines.
The sun demon hits you!!
* * * LOW HITPOINT WARNING * * *
You are engulfed in flames.
You resist.
You die...
Your body crumbles into a pile of gold.

#####.....##
#≈#.....### ##++##
.#.....## #8..8#
.≈.....≈# #....#
.....§..# #....#
.....§..## #8..8#
.###...§.## #....#
## #§....# #33..# #
###§§... ##@...#
##......## ##.§§.##
#≈.##.##.####§§§§##
##.§..§§.........##
≈§..§≈§§.§##....##
.§.≈§§..#.....###
.....§...§..###
.#.##..######
########


You could see 2 sun demons.

Vanquished Creatures
  Snorg (D:11)
  Erolcha (D:9)
  Erica (D:8)
  A two-headed ogre (D:11)
  Sonja (Lair:1)
  3 sun demons (Volcano)
  Amaemon (D:11)
  Nergalle (D:10)
  An orc knight (D:7)
  9 elephants
  Joseph (D:9)
  4 smoke demons (Volcano)
  A black mamba (Lair:2)
  An orange demon (Lair:1)
  5 unseen horror zombies (D:9)
  A komodo dragon (D:11)
  A kobold demonologist (D:11)
  3 cane toads
  A polar bear (Lair:2)
  2 trolls
  2 hornets
  6 blink frogs
  3 shadows (D:11)
  5 wyverns
  A wraith (D:11)
  Grum (Lair:1)
  4 basilisks
  A steam dragon (Volcano)
  2 hell hounds (Volcano)
  2 water moccasins
  An ice beast (D:7)
  2 sky beasts
  5 black bears
  11 orc warriors
  7 wolves (Lair:1)
  5 centaurs
  A phantom (D:6)
  Blork the orc (D:5)
  2 kobold brigands
  8 bullfrogs
  2 gnoll sergeants (D:10)
  A necrophage (D:5)
  A scorpion (D:5)
  10 wights
  15 killer bees (D:8)
  A howler monkey (D:7)
  2 centaur zombies (D:9)
  A jelly (D:7)
  4 orc priests
  A hound (D:5)
  4 iguanas
  A hell rat (Lair:2)
  8 orc wizards
  A killer bee zombie (D:9)
  7 adders
  9 gnolls
  A white imp (D:8)
  2 ufetubi
  2 dart slugs
  32 orcs
  6 ball pythons
  3 bats
  9 endoplasms
  2 giant cockroaches
  10 goblins
  6 hobgoblins
  5 jackals
  4 quokkas
  4 frilled lizards
  12 kobolds
  5 rats
281 creatures vanquished.

Vanquished Creatures (others)
  A deep elf pyromancer (D:12)
  A fungus (Lair:2)
  2 plants
4 creatures vanquished.

Grand Total: 285 creatures vanquished

Notes
Turn   | Place    | Note
-------+----------+-------------------------------------------
     0 | D:1      | mistaj the Demonspawn Fighter began the quest for the Orb.
     0 | D:1      | Reached XP level 1. HP: 18/18 MP: 1/1
   131 | D:1      | Found Varaz's Weapon Shop.
   134 | D:1      | Found Kuzife's Distillery.
   144 | D:1      | Gained mutation: You have a pair of small antennae on your
                  | head. [demonic ancestry]
   144 | D:1      | Reached XP level 2. HP: 23/24 MP: 2/2
   719 | D:1      | Reached skill level 1 in Maces & Flails
   884 | D:2      | Found a faded altar of an unknown god.
   960 | D:2      | Gained mutation: You are partially covered in large bone
                  | plates. (SH +4) [demonic ancestry]
   960 | D:2      | Reached XP level 3. HP: 29/29 MP: 3/3
   963 | D:2      | Found Bili's Weapon Shop.
  1578 | D:2      | Reached skill level 1 in Polearms
  1947 | D:3      | Found Vetuk's Antique Weapon Emporium.
  2442 | D:3      | Found a runed translucent door.
  2443 | D:3      | Noticed Crazy Yiuf
  2560 | D:3      | Found a sparkling altar of Nemelex Xobeh.
  2583 | D:3      | Reached XP level 4. HP: 36/37 MP: 4/4
  3194 | D:4      | Noticed a bullfrog
  3205 | D:4      | Killed a bullfrog
  3206 | D:4      | Reached skill level 2 in Polearms
  3206 | D:4      | Gained mutation: You are partially covered in sharp spines.
                  | [demonic ancestry]
  3206 | D:4      | Reached XP level 5. HP: 37/42 MP: 5/5
  3422 | D:5      | Entered Level 5 of the Dungeon
  3422 | D:5      | Found a hide-covered altar of Uskayaw.
  3486 | D:5      | Found a broken altar of Ashenzari.
  3564 | D:5      | Reached skill level 3 in Polearms
  3685 | D:5      | Noticed Prince Ribbit
  3880 | D:5      | Noticed Blork the orc
  3916 | D:5      | Killed Blork the orc
  3917 | D:5      | Reached XP level 6. HP: 4/49 MP: 6/6
  4118 | D:5      | Found Qeitoez's Magic Scroll Shoppe.
  4249 | D:5      | Reached skill level 4 in Polearms
  4502 | D:6      | Reached skill level 5 in Fighting
  4532 | D:6      | Found a snail-covered altar of Cheibriados.
  4577 | D:5      | Reached skill level 5 in Polearms
  4577 | D:5      | Gained mutation: You are mostly covered in sharp spines.
                  | [demonic ancestry]
  4577 | D:5      | Reached XP level 7. HP: 51/56 MP: 7/7
  5073 | D:6      | Found Zin's Purification Station.
  5193 | D:6      | Found a staircase to the Ecumenical Temple.
  5202 | Temple   | Entered the Ecumenical Temple
  5211 | Temple   | Became a worshipper of Gozag Ym Sagoz the Greedy
  5525 | D:7      | Noticed a wyvern
  5545 | D:7      | Killed a wyvern
  5546 | D:7      | Reached skill level 6 in Polearms
  5679 | D:7      | Found a flagged portal.
  5688 | Bailey   | Entered a bailey
  5778 | Bailey   | Reached XP level 8. HP: 54/64 MP: 8/8
  5919 | Bailey   | Reached skill level 7 in Polearms
  6481 | Bailey   | Noticed an orc knight
  6481 | Bailey   | Noticed an orc knight
  6621 | Bailey   | Identified the +3 triple sword of the Ethereal God {drain,
                  | Fly rCorr}
  6739 | D:6      | Acquired a +3 demon trident of electrocution
  6762 | D:7      | Killed an orc knight
  6763 | D:7      | Reached skill level 8 in Polearms
  6763 | D:7      | Gained mutation: You regenerate a little health from kills.
                  | [demonic ancestry]
  6763 | D:7      | Reached XP level 9. HP: 68/72 MP: 9/9
  7099 | D:7      | Reached skill level 9 in Polearms
  7933 | D:8      | Noticed Erica
  7945 | D:8      | Killed Erica
  7946 | D:8      | Reached skill level 10 in Polearms
  8020 | D:8      | Reached XP level 10. HP: 81/82 MP: 10/10
  8428 | D:8      | Reached skill level 5 in Shields
  9044 | D:9      | Reached skill level 11 in Polearms
  9052 | D:9      | Noticed Joseph
  9061 | D:9      | Killed Joseph
  9452 | D:9      | Noticed Erolcha
  9469 | D:9      | Killed Erolcha
  9470 | D:9      | Reached XP level 11. HP: 90/90 MP: 11/11
  9707 | D:10     | Entered Level 10 of the Dungeon
  9838 | D:10     | Reached skill level 10 in Fighting
  9866 | D:10     | Noticed Nergalle
  9881 | D:10     | Killed Nergalle
  9882 | D:10     | Reached skill level 12 in Polearms
 10006 | D:10     | Found a shimmering blue altar of Sif Muna.
 10282 | D:10     | Found a shadowy altar of Dithmenos.
 10623 | D:11     | Found a staircase to the Lair.
 10644 | Lair:1   | Entered Level 1 of the Lair of Beasts
 10644 | Lair:1   | Noticed Amaemon
 10668 | D:11     | Killed Amaemon
 10763 | D:11     | Noticed a two-headed ogre
 11392 | D:11     | Noticed a two-headed ogre
 11401 | D:11     | Killed a two-headed ogre
 11507 | D:11     | Noticed Snorg
 11517 | D:11     | Killed Snorg
 11649 | D:11     | Reached skill level 13 in Polearms
 11800 | D:12     | Noticed a deep elf pyromancer
 11809 | D:12     | Identified the +1 dagger "Coumit" {venom, rPois rF+ rN+
                  | Str+2}
 11811 | D:12     | Killed a deep elf pyromancer
 12110 | D:11     | Gained mutation: You have a pair of antennae on your head.
                  | [demonic ancestry]
 12110 | D:11     | Reached XP level 12. HP: 57/100 MP: 12/12
 12429 | Lair:1   | Noticed Grum
 12437 | Lair:1   | Killed Grum
 12594 | Lair:1   | Noticed Sonja
 12607 | Lair:1   | Killed Sonja
 12730 | Lair:1   | Reached skill level 14 in Polearms
 13373 | Lair:2   | Found a dark tunnel.
 13402 | Lair:2   | Reached skill level 1 in Dodging
 13445 | Volcano  | Entered a volcano
 13803 | Volcano  | HP: 2/102 [sun demon (19)]
 13803 | Volcano  | Slain by a sun demon

Illustrated notes

Levels and vault maps discovered:
D:1:      saegor_arrival_simple_c, layout_basic, serial_shops, shop, shop
D:2:      layout_basic, nicolae_ecumenical_oubliette, serial_shops,
          nicolae_diamond_shop
D:3:      layout_loops_ring, general_overflow_altar, serial_shops,
          nicolae_shop_trees, serial_co_window_serial,
          co_window_of_opportunity_a, co_window_corner_a, co_window_paths_a,
          co_window_of_opportunity_a, co_window_of_opportunity_a,
          co_window_corner_a, co_window_of_opportunity_a, co_window_paths_a,
          co_window_paths_a, co_window_corner_ca, co_window_cross_3,
          co_window_broadway_c, glass_columns_a, uniq_crazy_yiuf_cottage
D:4:      layout_rooms
D:5:      layout_gridville, mainiacjoe_overflow_catch_the_wave, serial_shops,
          shop_scrolls, uniq_prince_ribbit1, uniq_blork_the_orc
D:6:      layout_basic, mainiacjoe_overflow_24_doors, zin_purify,
          minmay_temple_entry_large_hall, minmay_door_square,
          eino_small_chamber_without_monster
D:7:      layout_basic, enter_bailey_3
D:8:      layout_loops_ring, mainiacjoe_overflow_paths, uniq_erica
D:9:      layout_cave_pools, serial_undead, serial_undead_b, serial_undead_f,
          serial_undead_d, serial_undead_a, minmay_misc_feat_hallway,
          uniq_erolcha, uniq_joseph
D:10:     layout_rooms, mainiacjoe_overflow_tiny_flanked,
          nicolae_overflow_hidden_temple, overflow_temple_1_default,
          uniq_nergalle
D:11:     layout_basic, david_lair_generic, uniq_snorg
D:12:     layout_roguey, erik_orc_4, billiards_dpeg, uniq_rupert, uniq_kirke
Temple:   dshaligram_water_room_temple
Lair:1:   layout_long_grid, minivault_19, uniq_amaemon, uniq_grum, uniq_sonja
Lair:2:   layout_regular_city, nicolae_snake_entry_squirm, enter_volcano_4,
          uniq_fannar
Volcano:  hellmonk_smoking_crater

Skill      XL: |  1  2  3  4  5  6  7  8  9 10 11 12 |
---------------+-------------------------------------+-----
Shields        | 3 4 6 7 8 |  8.5
Maces & Flails | 1 |  1.1
Polearms       | 1 2 3 5 6 8 10 11 13 14 | 14.0
Fighting       | 4 5 6 7 8 9 11 12 | 12.1
Armour         | 4 |  4.4
Dodging        | 3 |  3.3
Axes           | |  1.8

Action                     |  1- 3 |  4- 6 |  7- 9 | 10-12 || total
---------------------------+-------+-------+-------+-------++-------
  Melee: Whip              |    92 |       |       |       ||    92
         War axe           |     9 |       |       |       ||     9
         Spear             |   106 |   181 |   167 |       ||   454
         Demon trident     |       |       |    88 |   437 ||   525
    Use: Scroll            |       |     4 |    13 |    11 ||    28
         Potion            |       |       |       |     2 ||     2
   Stab: Distracted        |       |       |     1 |     5 ||     6
 Armour: Scale mail        |    63 |     6 |       |       ||    69
         Leather armour    |       |     8 |       |       ||     8
         Plate armour      |       |    37 |    82 |   152 ||   271
  Dodge: Dodged            |    78 |    16 |    15 |    38 ||   147
  Block: Buckler           |    68 |    25 |       |       ||    93
         Reflection        |       |     2 |    42 |    20 ||    64
         Kite shield       |       |    98 |   220 |   321 ||   639

Table legend: (Time is in decaauts)
 A = Elapsed time spent in this place.
 B = Non-inter-level travel time spent in this place.
 C = Inter-level travel time spent in this place.
 D = Time resting spent in this place.
 E = Time spent auto-exploring this place.
 F = Levels seen in this place.
 G = Mean time per level.
                   A        B        C        D        E       F      G
               +--------+--------+--------+--------+--------+-----+--------+
         Total |  13855 |  13287 |    568 |   3347 |   6328 |  17 |  815.0 |
       Dungeon |  11136 |  10599 |    537 |   2580 |   5579 |  12 |  928.0 |
        Temple |     21 |     13 |      8 |      0 |      0 |   1 |   21.0 |
          Lair |   1320 |   1297 |     23 |    158 |    749 |   2 |  660.0 |
        Bailey |   1035 |   1035 |      0 |    439 |      0 |   1 | 1035.0 |
       Volcano |    342 |    342 |      0 |    170 |      0 |   1 |  342.0 |
               +--------+--------+--------+--------+--------+-----+--------+

Top non-repeatable levels by time:
    D:11: 1270 daAuts
     D:8: 1260 daAuts
  Lair:1: 1206 daAuts
     D:7: 1183 daAuts
     D:3: 1090 daAuts
     D:6: 1066 daAuts
  Bailey: 1035 daAuts
     D:5: 1028 daAuts
     D:1: 958 daAuts
     D:2: 938 daAuts
     D:9: 834 daAuts
    D:10: 828 daAuts
     D:4: 517 daAuts
 Volcano: 342 daAuts
    D:12: 159 daAuts
